 Dungeon Crawl Stone Soup version 0.25.1-2-g60ff931df9 (webtiles) character file.

Game seed: 9144421234706323088

32743 Tigers10182 the Severer (level 13, -14/183 HPs)
             Began as a Minotaur Berserker on Dec 5, 2020.
             Was a High Priest of Trog.
             Demolished by a reaper
             ... wielding a +0 scythe of freezing
              (19 damage)
             ... in an ice cave.
             The game lasted 01:23:01 (16123 turns).

Tigers10182 the Severer (Minotaur Berserker)       Turns: 16123, Time: 01:23:01

Health: -14/183    AC: 25    Str: 26    XL:     13   Next: 33%
Magic:  4/4        EV: 12    Int:  4    God:    Trog [*****.]
Gold:   742        SH:  5    Dex: 11    Spells: 12/12 levels left

rFire    + . .     SeeInvis .   l - +1 battleaxe of the Hand {antimagic, rElec}
rCold    + + +     Gourm    .   (shield currently unavailable)
rNeg     + . .     Faith    .   i - +2 pearl dragon scales
rPois    +         Spirit   .   (helmet restricted)
rElec    +         Reflect  +   n - scarf {rC+ rF+}
rCorr    +         Harm     .   v - +2 pair of gloves
MR       .....                  (no boots)
Stlth    ..........             x - amulet of reflection
HPRegen  0.40/turn              N - +4 ring of protection
MPRegen  0.09/turn              a - ring of ice

@: berserking (expiring), resistant, very quick
A: retaliatory headbutt, horns 2
a: Berserk, Trog's Hand, Brothers in Arms, Renounce Religion


You were in an ice cave.
You worshipped Trog.
Trog was extremely pleased with you.
You were near starving.

You visited 3 branches of the dungeon, and saw 19 of its levels.
You also visited: Ice Cave.

You collected 911 gold pieces.
You spent 169 gold pieces at shops.

Inventory:

Hand Weapons
 h - a +2 battleaxe of flaming
 l - the +1 battleaxe of the Hand (weapon) {antimagic, rElec}
   (Trog gifted it to you on level 10 of the Dungeon)

   It reduces the magical energy of the wielder, and disrupts the spells and
   magical abilities of those hit.
   Natural abilities and divine invocations are not affected.
   It insulates you from electricity.
 q - a +1 demon trident of freezing
 s - a +1 quick blade of freezing
 W - a +3 battleaxe
Missiles
 d - 312 stones (quivered)
Armour
 c - a scarf of repulsion
 i - +2 pearl dragon scales (worn)
 n - a scarf of resistance (worn)
 v - a +2 pair of gloves (worn)
Jewellery
 a - a ring of ice (right hand)
 k - an uncursed ring of positive energy
 x - an amulet of reflection (around neck)
 N - a +4 ring of protection (left hand)
 X - an uncursed ring of protection from magic
Wands
 b - a wand of polymorph (6)
 j - a wand of acid (4)
 G - a wand of random effects (32)
 Q - a wand of iceblast (17)
 R - a wand of clouds (5)
Scrolls
 e - 2 scrolls of identify
 r - 6 scrolls of remove curse
 w - 2 scrolls of immolation
 B - 3 scrolls of magic mapping
 F - 2 scrolls of teleportation
 H - 2 scrolls of fear
 K - a scroll of fog {unknown}
 P - 2 scrolls of blinking {unknown}
 Y - a scroll of acquirement {unknown}
Potions
 g - 2 potions of stabbing
 m - 2 potions of mutation {unknown}
 o - a potion of lignification {unknown}
 p - 2 potions of invisibility {unknown}
 t - 4 potions of curing
 u - a potion of haste
 J - a potion of might {unknown}
 M - a potion of berserk rage {unknown}
 T - a potion of flight {unknown}
 V - 2 potions of brilliance {unknown}
Miscellaneous
 Z - a box of beasts
Comestibles
 z - 2 rations


   Skills:
 + Level 13.4 Fighting
 + Level 17.8 Axes
 + Level 0.9 Throwing
 + Level 12.6 Armour
 + Level 5.6 Dodging
 + Level 2.6 Stealth
 + Level 2.5 Evocations


You had 12 spell levels left.
You didn't know any spells.
Your spell library contained the following spells:

 Spells                   Type           Power        Failure   Level  Hunger
 Magic Dart               Conj           #...         77%         1    ##.....
 Shock                    Conj/Air       #...         77%         1    ##.....
 Blink                    Tloc           N/A          88%         2    ###....
 Call Imp                 Summ           #.......     88%         2    ###....
 Slow                     Hex            #.......     88%         2    ###....
 Swiftness                Chrm/Air       #.......     88%         2    ###....
 Conjure Flame            Conj/Fire      #.......     98%         3    ####...
 Mephitic Cloud           Conj/Pois/Air  #.......     98%         3    ####...
 Static Discharge         Conj/Air       #.......     98%         3    ####...
 Airstrike                Air            #.........   100%        4    #####..
 Summon Lightning Spire   Summ/Air       #.......     100%        4    #####..
 Lightning Bolt           Conj/Air       #.........   100%        5    ######.
 Silence                  Hex/Air        #.........   100%        5    ######.
 Conjure Ball Lightning   Conj/Air       #.........   100%        6    #######
 Tornado                  Air            #.........   100%        9    #######


Dungeon Overview and Level Annotations

Branches:
Dungeon (13/15)            Temple (0/1) D:4            Lair (4/6) D:8
    Orc (2/2) D:11         Vaults (0/5) D:13          IceCv (1/1)
  Swamp: Lair:2-4    Shoals: Lair:2-4     Snake: Lair:2-4    Spider: Lair:2-4
    Elf: Orc:2

Altars:
Cheibriados
Gozag
Hepliaklqana
Nemelex Xobeh
Vehumet
Wu Jian
The Shining One

Shops:
D:5 !   D:7 *


Innate Abilities, Weirdness & Mutations

You reflexively headbutt those who attack you in melee.
You have a pair of horns on your head.


Message History

You feel yourself moving faster!
You feel mighty!
You are near starving!
You are engulfed in freezing vapours.
You resist.
The reaper hits you with a +0 scythe of freezing!!
* * * LOW HITPOINT WARNING * * *
You feel a strong urge to attack something.
Found a runed hunting sling.
The reaper hits you with a +0 scythe of freezing!!
* * * LOW HITPOINT WARNING * * *
The reaper freezes you.
* * * LOW HITPOINT WARNING * * *
Found 38 gold pieces.
You are too berserk!
Your pearl dragon scales prevents you from hitting the reaper.
The reaper is almost dead.
You barely miss the reaper.
You headbutt the reaper, but do no damage.
The reaper is almost dead.
The reaper hits you with a +0 scythe of freezing!!
You die...

○§.# #....§§.§#
#°§###☼..§§§○###
##..#§§...#☼#☼§#
.##.§☼§..##§#§§##
.##§§○§###..#§§§#
.###§≈§#.§§§§§§§##
## #§§.#§§..§§§§.#
## ##
#..☼#§§§####.2#.$#
.#
#.§§.§§§§....@..)#
.#
#§.#.§§§§.....#.%#
.#
##.##○.#°#..#.#.##
.# # #..### # .##
##. ..# #. ..# ##
..## ...#


You could see a reaper.

Vanquished Creatures
  Fannar (Lair:1)
  Harold (D:7)
  2 hydras
  2 dancing weapons (D:13)
  3 two-headed ogres
  2 necromancers (D:10)
  A manticore (D:12)
  An ugly thing (D:8)
  6 elephants (Lair:2)
  A black mamba (Lair:3)
  Joseph (D:7)
  3 centaur zombies
  2 ice statues (IceCv)
  5 spiny frogs
  A kobold demonologist (D:11)
  A komodo dragon (Lair:1)
  4 ice devils (IceCv)
  4 trolls
  A hornet (D:10)
  3 blink frogs (Lair:1)
  4 hippogriffs
  4 flying skulls (D:10)
  Sigmund (D:2)
  5 shadows (D:10)
  2 wraiths
  A wyvern (D:8)
  10 yaks
  3 hungry ghosts
  4 vampire mosquitoes
  3 wargs (Orc:1)
  2 soldier ants
  5 water moccasins
  4 porcupines
  13 orc warriors
  5 sky beasts
  2 ice beasts
  2 black bears
  12 ogres
  A necrophage (D:7)
  9 centaurs
  3 wolves
  5 big kobolds
  A crocodile (Lair:1)
  6 bullfrogs
  2 scorpions
  3 killer bees (D:10)
  16 wights
  3 howler monkeys
  8 crimson imps
  2 quasits
  2 bullfrog zombies
  6 jellies
  5 hounds
  6 orc priests
  5 centaur skeletons
  4 bullfrog skeletons
  6 iguanas
  13 worker ants
  12 orc wizards
  A killer bee zombie (D:10)
  2 hound zombies (D:10)
  A worker ant zombie (D:10)
  7 gnolls
  14 adders
  4 shadow imps
  6 white imps (IceCv)
  9 ufetubi (IceCv)
  5 oozes (D:10)
  2 adder zombies (D:8)
  2 adder skeletons (D:6)
  3 worms
  2 dart slugs
  10 leopard geckos
  50 orcs
  7 bats
  2 giant cockroaches (D:8)
  9 goblins
  7 hobgoblins
  4 jackals (D:9)
  6 quokkas
  A ball python (D:2)
  A frilled lizard (D:3)
  A giant cockroach zombie (D:6)
  31 kobolds
  A leopard gecko zombie (D:6)
  A quokka skeleton (D:4)
  5 rats
  5 fungi
  2 plants
446 creatures vanquished.

Vanquished Creatures (collateral kills)
  An orc warlord (D:11)
  2 centaur zombies (D:10)
  2 centaur skeletons (D:10)
  A water moccasin skeleton (D:10)
  A wight (D:10)
  An orc wizard (D:11)
  A howler monkey zombie (D:10)
  A gnoll (D:11)
10 creatures vanquished.

Vanquished Creatures (others)
  3 ufetubi (IceCv)
3 creatures vanquished.

Grand Total: 459 creatures vanquished

Notes
Turn   | Place    | Note
-------+----------+-------------------------------------------
     0 | D:1      | Tigers10182 the Minotaur Berserker began the quest for the
                  | Orb.
     0 | D:1      | Reached XP level 1. HP: 19/19 MP: 0/0
   126 | D:1      | Reached XP level 2. HP: 8/27 MP: 1/1
   402 | D:1      | Reached skill level 4 in Axes
   605 | D:1      | You fall into a shaft and drop 1 floor!
   672 | D:2      | Noticed Sigmund
   698 | D:2      | Killed Sigmund
   698 | D:2      | Reached skill level 5 in Fighting
   698 | D:2      | Reached skill level 5 in Axes
   698 | D:2      | Reached XP level 3. HP: 13/36 MP: 2/2
   698 | D:2      | Reached XP level 4. HP: 15/42 MP: 3/3
   698 | D:2      | Reached XP level 5. HP: 18/48 MP: 4/4
  1001 | D:2      | Noticed an ogre
  1008 | D:2      | Killed an ogre
  1008 | D:2      | Reached XP level 6. HP: 57/57 MP: 5/5
  1131 | D:2      | Reached ** piety under Trog
  2186 | D:3      | Found a sparkling altar of Nemelex Xobeh.
  2412 | D:4      | Found a staircase to the Ecumenical Temple.
  2548 | D:4      | Got a pair of slimy gloves
  2587 | D:4      | Identified the cursed -6 pair of gloves of Foolhardiness
                  | {*Corrode rC+ Regen+ Dex+2} (You found it on level 4 of the
                  | Dungeon)
  2622 | D:4      | Reached skill level 6 in Axes
  2779 | D:4      | Reached XP level 7. HP: 51/63 MP: 6/6
  3065 | D:4      | Reached skill level 1 in Stealth
  3131 | D:5      | Entered Level 5 of the Dungeon
  3362 | D:5      | Reached skill level 7 in Axes
  3685 | D:5      | Found Hal Mywo's Distillery.
  3696 | D:5      | Bought a potion of ambrosia for 104 gold pieces
  3696 | D:5      | Bought a potion of heal wounds for 65 gold pieces
  3938 | D:5      | Reached skill level 5 in Armour
  4308 | D:6      | Noticed a wraith
  4327 | D:6      | Killed a wraith
  4327 | D:6      | Reached skill level 8 in Axes
  4327 | D:6      | Reached XP level 8. HP: 21/71 MP: 7/7
  4638 | D:6      | Found a hazy altar of Hepliaklqana.
  5011 | D:6      | Reached *** piety under Trog
  5011 | D:6      | Reached skill level 9 in Axes
  5126 | D:6      | Found an ornate altar of the Wu Jian Council.
  5126 | D:6      | Found a radiant altar of Vehumet.
  5126 | D:6      | Found a snail-covered altar of Cheibriados.
  5243 | D:7      | Noticed Harold
  5257 | D:7      | Killed Harold
  5257 | D:7      | Reached skill level 10 in Axes
  5257 | D:7      | Reached XP level 9. HP: 80/80 MP: 8/8
  5587 | D:7      | Reached skill level 11 in Axes
  5652 | D:7      | Found Gozag's Platinum Reserve.
  5655 | D:7      | Found an opulent altar of Gozag.
  5804 | D:7      | Noticed Joseph
  5815 | D:7      | Killed Joseph
  5923 | D:7      | Found a glowing golden altar of the Shining One.
  6104 | D:8      | Reached XP level 10. HP: 90/90 MP: 9/9
  6149 | D:8      | Noticed a two-headed ogre
  6162 | D:8      | Killed a two-headed ogre
  6162 | D:8      | Reached skill level 12 in Axes
  6164 | D:8      | Found an opulent altar of Gozag.
  6237 | D:8      | Noticed a red ugly thing
  6246 | D:8      | Killed a red ugly thing
  6573 | D:9      | Reached **** piety under Trog
  6580 | D:9      | Reached skill level 13 in Axes
  7005 | D:10     | Entered Level 10 of the Dungeon
  7074 | D:10     | You fall into a shaft and drop 3 floors!
  7074 | D:13     | Found a gate to the Vaults.
  7075 | D:13     | Noticed a +9 long sword
  7075 | D:13     | Noticed a +3 long sword
  7084 | D:13     | Killed a +3 long sword
  7084 | D:13     | Reached skill level 10 in Fighting
  7089 | D:13     | Killed a +9 long sword
  7089 | D:13     | Reached skill level 14 in Axes
  7105 | D:13     | Reached XP level 11. HP: 80/99 MP: 10/10
  7408 | D:13     | Reached skill level 10 in Armour
  7734 | D:11     | Reached ***** piety under Trog
  8384 | D:11     | Found a staircase to the Orcish Mines.
  8619 | D:10     | Reached skill level 15 in Axes
  8629 | D:10     | Noticed a two-headed ogre
  8637 | D:10     | Killed a two-headed ogre
  8764 | D:10     | Reached skill level 1 in Evocations
  9039 | D:10     | Noticed a necromancer
  9047 | D:10     | Received a gift from Trog
  9049 | D:10     | Noticed a necromancer
  9056 | D:10     | Killed a necromancer
  9059 | D:10     | Reached XP level 12. HP: 82/110 MP: 12/12
  9071 | D:10     | Got a fine battleaxe {god gift}
  9089 | D:10     | Identified the +1 battleaxe of the Hand {antimagic, rElec}
                  | (Trog gifted it to you on level 10 of the Dungeon)
  9479 | D:10     | Reached skill level 16 in Axes
  9850 | D:11     | Noticed a five-headed hydra
  9859 | D:11     | Killed a six-headed hydra
 10394 | Orc:1    | Entered Level 1 of the Orcish Mines
 10395 | Orc:1    | Noticed an orc warlord
 10414 | Orc:1    | Received a gift from Trog
 10726 | D:11     | Killed an orc warlord
 11186 | Orc:2    | Entered Level 2 of the Orcish Mines
 12431 | D:8      | Noticed a two-headed ogre
 12437 | D:8      | Killed a two-headed ogre
 13140 | D:8      | Found a staircase to the Lair.
 13147 | Lair:1   | Entered Level 1 of the Lair of Beasts
 13562 | Lair:1   | Reached skill level 5 in Dodging
 13614 | Lair:1   | Reached skill level 17 in Axes
 13659 | Lair:1   | Noticed a seven-headed hydra
 13666 | Lair:1   | Killed a seven-headed hydra
 13722 | Lair:1   | Noticed Fannar
 13742 | Lair:1   | Killed Fannar
 14750 | Lair:2   | Reached XP level 13. HP: 122/122 MP: 4/13
 15525 | Lair:3   | Found a frozen archway.
 15556 | IceCv    | Entered an ice cave
 16103 | IceCv    | Noticed a reaper
 16121 | IceCv    | HP: 7/183 [reaper/+0 scythe of freezing (26)]
 16123 | IceCv    | Demolished by a reaper

Illustrated notes

Levels and vault maps discovered:
D:1:      lemuel_arrival_tunnels, layout_basic
D:2:      layout_basic, uniq_sigmund
D:3:      layout_rooms, nemelex_altar_shiori
D:4:      layout_loops_ring, minmay_temple_entry_statues_fountains, first_ration
D:5:      layout_gridville, serial_shops, shop
D:6:      minmay_opposing_rooms, layout_rooms,
          gammafunk_temple_overflow_forgotten, kennysheep_mini_moat
D:7:      layout_loops_ring, nicolae_gozag_zags_fifth_avenue,
          lemuel_doored_altar, chequers_hall_statues_y, uniq_joseph,
          uniq_crazy_yiuf_cottage, uniq_harold
D:8:      cheibrodos_ideogram_h, layout_basic, lair_entry_dummy, basic_altar
D:9:      layout_basic
D:10:     hangedman_screamer, layout_irregular_city,
          hangedman_little_slice_of_home
D:11:     layout_loops_ring, david_orc_3
D:12:     layout_cave_pools, hangedman_decor_lopped
D:13:     layout_roguey, erik_vaults_1, serial_shops, kennysheep_little_box
Lair:1:   layout_gridlike, grunt_megastairs_3, uniq_fannar
Lair:2:   layout_layer_cave, grunt_megastairs_4
Lair:3:   layout_layer_cave, minmay_swamp_entry_swarm,
          minmay_snake_entry_spellcaster, portal_ice_cave_entry_pillars_1,
          minmay_lair_oklob_chamber, serial_bayou_shore_b, uniq_sonja
Lair:4:   layout_layer_cave
Orc:1:    layout_caves
Orc:2:    pf_orc_diabolical, layout_caves, lightli_orcish_oven, uniq_maurice
IceCv:    ice_cave_small_demon

Skill      XL: |  1  2  3  4  5  6  7  8  9 10 11 12 |
---------------+-------------------------------------+-----
Fighting       | 5 6 7 8 10 11 13 | 13.4
Axes           | 5 6 8 10 11 14 15 17 | 17.8
Armour         | 3 4 5 6 8 9 11 12 | 12.6
Dodging        | 3 4 5 |  5.6
Stealth        | 1 2 |  2.6
Evocations     | 1 2 |  2.5
Throwing       | |  0.9

Action                   |  1- 3 |  4- 6 |  7- 9 | 10-12 | 13-15 || total
-------------------------+-------+-------+-------+-------+-------++-------
Melee: Hand axe          |    44 |   105 |   180 |       |       ||   329
       Headbutt          |     3 |    21 |    50 |   111 |    38 ||   223
       Battleaxe         |       |       |    51 |   537 |   127 ||   715
Throw: Stone             |       |     6 |     1 |     1 |       ||     8
Invok: Berserk           |     2 |     2 |     8 |    16 |     2 ||    30
       Trog's Hand       |       |       |     5 |     6 |       ||    11
       Brothers in Arms  |       |       |       |     2 |       ||     2
Evoke: Wand              |       |       |       |    20 |     1 ||    21
  Use: Scroll            |       |     6 |     4 |    15 |     3 ||    28
       Potion            |       |     1 |       |     7 |     3 ||    11
 Stab: Paralysed         |       |       |       |     5 |       ||     5
  Eat: Ration            |       |     2 |     7 |    11 |     1 ||    21
       Chunk             |       |     3 |     2 |    10 |     1 ||    16
Armor: Animal skin       |     5 |       |       |       |       ||     5
       Scale mail        |     9 |       |       |       |       ||     9
       Ring mail         |     3 |    46 |    25 |       |       ||    74
       Plate armour      |       |       |    77 |   374 |       ||   451
       Pearl dragon scal |       |       |       |    79 |    92 ||   171
Dodge: Dodged            |    22 |    62 |    83 |   313 |    68 ||   548
Block: Other             |       |     7 |    37 |   154 |    26 ||   224
       Reflection        |       |       |       |    19 |       ||    19
